 Dungeon Crawl Stone Soup version 0.28.0-53-g5a82cb258f (webtiles) character file.

Game seed: 5304399117280700049

604 Ijustatesigmund the Stinger (level 7, -6/43 HPs)
             Began as an Octopode Venom Mage on July 15, 2022.
             Mangled by a hornet (13 damage)
             ... on level 5 of the Dungeon.
             The game lasted 00:10:39 (5083 turns).

Ijustatesigmund the Stinger (Octopode Venom Mage)   Turns: 5083, Time: 00:10:40

Health: -6/43      AC:  1    Str:  7    XL:     7   Next: 42%
Magic:  4/11       EV: 13    Int: 19    God:
Gold:   131        SH:  0    Dex: 13    Spells: 2/12 levels left

rFire   . . .      SeeInvis .   a - +0 trident (protect)
rCold   . . .      Faith    .   (no shield)
rNeg    . . .      Spirit   .   (helmet restricted)
rPois   .          Reflect  .   (no amulet)
rElec   .          Harm     .   e - ring of resist corrosion
rCorr   +          Rampage  .   (no ring)
Will    .....                   (no ring)
Stlth   +++.......              (no ring)
HPRegen 0.14/turn               (no ring)
MPRegen 0.12/turn               (no ring)
                                (no ring)
                                (no ring)

@: slowed, very slow
A: almost no armour, amphibious, 8 rings, camouflage 1, gelatinous body 1,
(nimble swimmer 1), tentacles
a: no special abilities


You were on level 5 of the Dungeon.
You visited 1 branch of the dungeon, and saw 5 of its levels.

You collected 131 gold pieces.

Inventory:

Hand Weapons
 a - a +0 trident of protection (weapon)
Missiles
 i - 4 silver javelins
Jewellery
 e - a ring of resist corrosion (left tentacle)
Scrolls
 d - 5 scrolls of magic mapping
Potions
 b - a potion of brilliance
 c - a potion of cancellation
 g - a potion of mutation {unknown}
 h - a potion of resistance {unknown}


   Skills:
 - Level 1.1 Fighting
 - Level 2.0 Dodging
 - Level 2.6 Stealth
 - Level 3.2 Spellcasting
 + Level 3.9 Conjurations
 + Level 3.0 Transmutations
 + Level 3.2 Air Magic
 + Level 5.2 Poison Magic


You had 2 spell levels left.
You knew the following spells:

 Your Spells              Type           Power      Damage    Failure   Level
a - Sting                 Tmut/Pois      72%        1d6       2%          1
b - Poisonous Vapours     Pois/Air       38%        N/A       4%          2
c - Mephitic Cloud        Conj/Pois/Air  18%        N/A       9%          3
d - Olgreb's Toxic Radia  Pois           22%        N/A       17%         4

Your spell library contained the following spells:

 Spells                   Type           Power      Damage    Failure   Level
 Ensorcelled Hibernation  Hex/Ice        6%         N/A       22%         2
 Spider Form              Tmut/Pois      18%        N/A       9%          3
 Anguish                  Hex/Necr       1%         N/A       83%         4


Dungeon Overview and Level Annotations

Branches:
Dungeon (5/15)
 Temple: D:4-7

Altars:
Hepliaklqana
Ru
Wu Jian


Innate Abilities, Weirdness & Mutations

You cannot wear most types of armour.
You are amphibious.
You can wear up to eight rings at the same time.
Your skin changes colour to match your surroundings (Stealth+).
Your rubbery body absorbs attacks. (AC +1, EV +1)
((You are camouflaged when in or above water. (Stealth+)))
You have tentacles for arms and can constrict up to eight enemies at once.


Message History

Press: ? - help, Shift-Dir - straight line, f - hornet
Aim: a hornet (asleep, chance to affect: 72%)
The ball explodes into a vile cloud!
The stinking cloud engulfs the hornet but does no damage.
The hornet buzzes angrily.
The hornet is engulfed in noxious fumes.
Casting: Mephitic Cloud (dangerous; 9% risk of failure)
Confirm with . or Enter, or press ? or * to list all spells.
Aiming: Poisonous Vapours (safe; 4% risk of failure)
Press: ? - help, Dir - move target, f/p - hornet
Aim: a hornet (noxious fumes) Poisonous vapours surround the hornet!
The hornet is poisoned.
The hornet is engulfed in noxious fumes.
The hornet stings you.
You feel yourself slow down.
Casting: Poisonous Vapours (safe; 4% risk of failure)
Confirm with . or Enter, or press ? or * to list all spells.
Aiming: Sting (safe; 2% risk of failure)
Press: ? - help, Shift-Dir - straight line, f/p - hornet
Aim: a hornet (very poisoned, 60% to hit)
The sting hits the hornet.
The hornet looks even sicker.
The hornet is moderately wounded.
The hornet stings you!
You feel as though you will be slow longer.
The hornet stings you!
* * * LOW HITPOINT WARNING * * *
You feel as though you will be slow longer.
You feel much better. The hornet barely misses you. The hornet stings you.
You feel as though you will be slow longer.
Casting: Sting (safe; 2% risk of failure)
Confirm with . or Enter, or press ? or * to list all spells.
Aiming: Sting (safe; 2% risk of failure)
Press: ? - help, Shift-Dir - straight line, f/p - hornet
Aim: a hornet (severely wounded, very poisoned, 60% to hit)
The sting misses the hornet.
The hornet stings you!
* * * LOW HITPOINT WARNING * * *
You feel as though you will be slow longer.
A centaur zombie comes into view.
The hornet stings you but does no damage.
The hornet stings you!
You die...

.# ..
.##..
####Z....
#.......#
#.......#
#.......#
#..<....#
#@y.....#
#.......#
#....?..#
#..#.....
#.......#
#..#.....
..... ..#
#..# ....


You could see a hornet (very poisoned) and a centaur zombie (wandering).

Vanquished Creatures
  A water moccasin (D:3)
  A black bear (D:4)
  A scorpion (D:4)
  2 hounds (D:4)
  A jelly (D:3)
  A gnoll shaman (D:4)
  Terence (D:2)
  7 gnolls
  6 adders
  An ufetubus (D:4)
  A worm (D:2)
  3 dart slugs
  3 orcs
  4 ball pythons
  4 bats
  11 endoplasms
  4 giant cockroaches
  6 goblins
  2 hobgoblins
  3 jackals (D:4)
  6 kobolds
  4 quokkas (D:1)
  5 frilled lizards
  3 rats
81 creatures vanquished.

Notes
Turn   | Place    | Note
-------+----------+-------------------------------------------
     0 | D:1      | Ijustatesigmund the Octopode Venom Mage began the quest for
                  | the Orb.
     0 | D:1      | Reached XP level 1. HP: 11/11 MP: 3/3
   489 | D:1      | Reached XP level 2. HP: 18/18 MP: 3/5
   509 | D:1      | Learned a level 2 spell: Poisonous Vapours
  1052 | D:1      | Reached skill level 4 in Poison Magic
  1061 | D:1      | Reached skill level 1 in Fighting
  1121 | D:1      | Reached XP level 3. HP: 23/23 MP: 6/6
  1530 | D:2      | Noticed Terence
  1539 | D:2      | Killed Terence
  1633 | D:2      | Found a sacrificial altar of Ru.
  1658 | D:2      | Reached skill level 1 in Air Magic
  1658 | D:2      | Reached XP level 4. HP: 24/28 MP: 2/7
  2204 | D:2      | Found a faded altar of an unknown god.
  2407 | D:3      | Noticed a water moccasin
  2416 | D:3      | Killed a water moccasin
  2417 | D:3      | Reached XP level 5. HP: 12/33 MP: 9/9
  2542 | D:3      | Reached XP level 6. HP: 20/38 MP: 1/10
  2788 | D:3      | Found an ornate altar of the Wu Jian Council.
  2956 | D:3      | Reached skill level 5 in Poison Magic
  3061 | D:3      | Found a hazy altar of Hepliaklqana.
  3539 | D:4      | Learned a level 3 spell: Mephitic Cloud
  3544 | D:4      | Learned a level 4 spell: Olgreb's Toxic Radiance
  3617 | D:4      | Reached skill level 1 in Conjurations
  3751 | D:4      | Noticed a black bear
  3759 | D:4      | Killed a black bear
  3876 | D:4      | Reached XP level 7. HP: 38/43 MP: 7/11
  5078 | D:5      | Entered Level 5 of the Dungeon
  5078 | D:5      | Noticed a hornet
  5083 | D:5      | Mangled by a hornet

Illustrated notes

Levels and vault maps discovered:
D:1:      psy_arrival_terrarium, layout_basic, serial_bayou_pond_a
D:2:      layout_basic, basic_altar, shapermc_ecumenical_altar_petra,
          uniq_terence
D:3:      layout_basic, nicolae_hepliaklqana_hazy_memory,
          mainiacjoe_overflow_cross_hatched, minivault_24
D:4:      layout_gridville, st_stairs_13
D:5:      layout_loops_cross, lemuel_doored_altar, chequers_mini_garden,
          uniq_edmund

Skill      XL: |  1  2  3  4  5  6  7 |
---------------+----------------------+-----
Poison Magic   | 4 5 |  5.2
Fighting       | 1 |  1.1
Air Magic      | 1 2 3 |  3.2
Transmutations | 2 3 |  3.0
Spellcasting   | 3 |  3.2
Conjurations   | 3 |  3.9
Dodging        | |  2.0
Stealth        | |  2.6

Action                   |  1- 3 |  4- 6 |  7- 9 || total
-------------------------+-------+-------+-------++-------
Melee: Dagger            |    41 |     6 |       ||    47
       Tentacles         |    10 |    16 |    10 ||    36
       Constrict         |     9 |    13 |    12 ||    34
       Punch             |     2 |     2 |       ||     4
       Trident           |       |    71 |    50 ||   121
 Cast: Sting             |    17 |     2 |     3 ||    22
       Poisonous Vapours |     7 |    18 |    12 ||    37
       Mephitic Cloud    |       |     1 |     2 ||     3
  Use: Scroll            |       |     5 |     2 ||     7
       Potion            |       |     3 |     1 ||     4
 Stab: Sleeping          |     4 |     9 |     1 ||    14
Armor: Skin              |     6 |    23 |    20 ||    49
Dodge: Dodged            |    25 |    38 |    35 ||    98
